 Dungeon Crawl Stone Soup version 0.31.0-9-g3a7656b989 (webtiles) character file.

Game seed: 17263125121180998932

111 Gottschkopf the Conjurer (level 4, -2/24 HPs)
             Began as a Deep Elf Conjurer on Feb 3, 2024.
             Killed by divine providence
             ... invoked by an orc priest
              (13 damage)
             ... on level 3 of the Dungeon.
             The game lasted 00:02:25 (2455 turns).

Gottschkopf the Conjurer (Deep Elf Conjurer)        Turns: 2455, Time: 00:02:25

Health: -2/24      AC:  3    Str:  4    XL:     4   Next: 62%
Magic:  3/12       EV: 12    Int: 25    God:
Gold:   121        SH:  5    Dex: 13    Spells: 0/11 levels left

rFire   . . .        (no weapon)
rCold   . . .        (no shield)
rNeg    . . .        a - +0 robe
rPois   .            i - +0 helmet
rElec   .            (no cloak)
rCorr   .            (no gloves)
SInv    .            (no boots)
Will    .....        g - amulet of reflection
Stlth   ++           (no ring)
HPRegen 0.24/turn    (no ring)
MPRegen 0.13/turn

%: reflection
@: no status effects
A: no striking features
a: no special abilities


You were on level 3 of the Dungeon.
You visited 1 branch of the dungeon, and saw 3 of its levels.

You collected 121 gold pieces.

Inventory:

Armour
 a - a +0 robe (worn)
 i - a +0 helmet (worn)
 l - a scarf of repulsion
Jewellery
 g - an amulet of reflection (around neck)
Scrolls
 c - 3 scrolls of fog {unknown}
 d - 2 scrolls of identify {unknown}
 e - 2 scrolls of teleportation {unknown}
 f - a scroll of vulnerability {unknown}
 m - a scroll of enchant weapon {unknown}
 n - a scroll of blinking {unknown}
Potions
 b - a potion of magic
 h - 2 potions of curing {unknown}
 j - 2 potions of heal wounds {unknown}
 k - a potion of berserk rage {unknown}


   Skills:
 - Level 2.4 Dodging
 - Level 2.4 Stealth
 - Level 4.4 Spellcasting
 * Level 6.0 Conjurations
 + Level 0.2 Alchemy


You couldn't memorise any spells.
You knew the following spells:

 Your Spells              Type           Power      Damage    Failure   Level
a - Magic Dart            Conj           100%       1d8       1%          1
b - Searing Ray           Conj           70%        2d7       1%          2
c - Fulminant Prism       Conj/Alch      10%        3d9       24%         4
d - Iskenderun's Mystic   Conj/Tloc      20%        2d6       26%         4

Your spell library contained the following spells:

 Spells                   Type           Power      Damage    Failure   Level
 Shock                    Conj/Air       80%        1d8       2%          1
 Swiftness                Air            5%         N/A       26%         3
 Airstrike                Air            2%         2d(1-17)  65%         4


Dungeon Overview and Level Annotations

Branches:
Dungeon (3/15)

Altars:
Ashenzari
Trog
Wu Jian
Zin


Message History

The magic dart hits the orc.
The orc is severely wounded.
The orc shouts!
You hear a shout!
Casting: Magic Dart (safe; 1% risk of failure)
Confirm with . or Enter, or press ? or * to list all spells.
The magic dart hits the orc but does no damage.
The orc is severely wounded.
An orc comes into view. It is wielding a +0 club.
Casting: Magic Dart (safe; 1% risk of failure)
Confirm with . or Enter, or press ? or * to list all spells.
The magic dart hits the orc.
You kill the orc!
An orc priest comes into view. It is wielding a +0 war axe.
There are monsters nearby!
Casting: Magic Dart (safe; 1% risk of failure)
Confirm with . or Enter, or press ? or * to list all spells.
Aiming: Fulminant Prism (astonishingly dangerous; 24% risk of failure)
Press: ? - help, Dir - move target You miscast Fulminant Prism.
You are very lightly contaminated with residual magic.
Nothing appears to happen.
Casting: Fulminant Prism (astonishingly dangerous; 24% risk of failure)
Confirm with . or Enter, or press ? or * to list all spells.
You don't have enough magic to cast this spell.
Casting: Fulminant Prism (astonishingly dangerous; 24% risk of failure)
Confirm with . or Enter, or press ? or * to list all spells.
The magic dart hits the orc!
You kill the orc!
The orc priest mumbles some strange prayers to Beogh against you.
Beogh smites you!
Ouch! That really hurt!
You are too injured to fight recklessly!
You are too injured to fight recklessly!
You start resting.
Your magical contamination has completely faded away.
You are too injured to fight recklessly!
The orc priest calls down the wrath of Beogh upon you.
Beogh smites you!
Ouch! That really hurt!
You die...

.....###.####...#.##.#
#......# #.###.# #
#.####.####......
#......... #.####..##
#.####.####.$##
#......o.....o#
######.####..))) #@#
.## #.# #.# #.# ..#
###


You could see an orc priest.

Vanquished Creatures
  A bombardier beetle (D:3)
  An adder (D:2)
  4 dart slugs
  2 ribbon worms (D:2)
  4 orcs (D:3)
  4 bats
  8 endoplasms
  2 giant cockroaches
  4 hobgoblins
  2 quokkas
  3 ball pythons
  2 frilled lizards
  3 kobolds
  6 rats
46 creatures vanquished.

Notes
Turn   | Place    | Note
-------+----------+-------------------------------------------
     0 | D:1      | Gottschkopf the Deep Elf Conjurer began the quest for the
                  | Orb.
     0 | D:1      | Reached XP level 1. HP: 10/10 MP: 6/6
   236 | D:1      | Reached XP level 2. HP: 15/15 MP: 4/8
   497 | D:1      | Reached skill level 5 in Conjurations
   506 | D:1      | Learned a level 2 spell: Searing Ray
  1214 | D:2      | Reached XP level 3. HP: 19/19 MP: 5/10
  2320 | D:3      | Reached XP level 4. HP: 24/24 MP: 1/12
  2325 | D:3      | Learned a level 4 spell: Fulminant Prism
  2330 | D:3      | Learned a level 4 spell: Iskenderun's Mystic Blast
  2406 | D:3      | Found a glowing silver altar of Zin.
  2409 | D:3      | Found a bloodstained altar of Trog.
  2409 | D:3      | Found a broken altar of Ashenzari.
  2410 | D:3      | Found an ornate altar of the Wu Jian Council.
  2436 | D:3      | Reached skill level 6 in Conjurations
  2455 | D:3      | Killed from afar by an orc priest

Illustrated notes

Levels and vault maps discovered:
D:1:      heliophobic_arrival_glass_houses, layout_basic
D:2:      layout_basic, chequers_serial_rivers_room_b, minmay_strange_pillars
D:3:      layout_loops_ring, marbit_many_paths, grunt_temple_overflow_open

Skill      XL: |  1  2  3  4 |
---------------+-------------+-----
Conjurations   | 5 6 |  6.0
Spellcasting   | 4 |  4.4
Dodging        | |  2.4
Stealth        | |  2.4
Alchemy        | |  0.2

Action                     |  1- 3 |  4- 6 || total
---------------------------+-------+-------++-------
   Cast: Magic Dart        |    94 |     7 ||   101
 Armour: Robe              |     5 |       ||     5
  Dodge: Dodged            |     1 |       ||     1
